 Dungeon Crawl Stone Soup version 0.21.1-1-g345015f (webtiles) character file.

503879 ventsongeyt the Executioner (level 23, -5/234 HPs)
             Began as a Minotaur Berserker on Mar 30, 2018.
             Was a High Priest of Trog.
             Slain by a golden dragon (11 damage)
             ... on level 1 of the Realm of Zot on Apr 1, 2018.
             The game lasted 05:57:03 (67466 turns).

ventsongeyt the Executioner (Minotaur Berserker)   Turns: 67466, Time: 05:57:04

Health: -5/234     AC: 32    Str: 29    XL:     23   Next: 80%
Magic:  7/7        EV: 20    Int:  7    God:    Trog [*****.]
Gold:   2068       SH:  0    Dex: 14    Spells: 22/22 levels left

rFire    + + .     SeeInvis +   U - +9 battleaxe (antimagic)
rCold    + . .     Gourm    .   (shield currently unavailable)
rNeg     + . .     Faith    .   v - +2 plate armour "Kool" {rF++ rN+ Str-4 Dex+3}
rPois    .         Spirit   .   V - +0 mask of the Dragon {MR+ Slay+3 SInv}
rElec    .         Reflect  .   h - +2 cloak
rCorr    .         Harm     .   P - +2 pair of gloves
MR       ++++.                  W - +2 pair of boots
Stlth    ..........             t - amulet "Tethohob" {RegenMP Slay+5}
HPRegen  1.49/turn              p - +3 ring of protection
MPRegen  0.35/turn              D - ring of Piheny Reul {rC+ Str+5 SInv}

@: berserk cooldown, regenerating, slowed, very slow
A: retaliatory headbutt, horns 2, deformed body
}: 3/15 runes: decaying, silver, gossamer
a: Berserk, Trog's Hand, Brothers in Arms, Burn Spellbooks, Renounce Religion


You were on level 1 of the Realm of Zot.
You worshipped Trog.
Trog was extremely pleased with you.
You were near starving.

You visited 9 branches of the dungeon, and saw 41 of its levels.
You also visited: Sewer.

You collected 5432 gold pieces.
You spent 3364 gold pieces at shops.

Inventory:

Hand Weapons
 w - a +9 executioner's axe of chopping
 U - a +9 antimagic battleaxe (weapon)
Armour
 h - a +2 cloak (worn)
 v - the +2 plate armour "Kool" (worn) {rF++ rN+ Str-4 Dex+3}
   (You bought it in a shop on level 7 of the Dungeon)

   It affects your strength (-4).
   It affects your dexterity (+3).
   It greatly protects you from fire.
   It protects you from negative energy.
 E - the +2 cloak of the Thief {+Fog Slay-2 SInv Stlth+}
   (You found it on level 5 of the Vaults)

   It affects your accuracy and damage with ranged weapons and melee attacks
   (-2).
   It lets you see invisible.
   It makes you more stealthy.
 P - a +2 pair of gloves (worn)
 V - the +0 mask of the Dragon (worn) {MR+ Slay+3 SInv}
   (You found it on level 2 of the Spider Nest)

   It affects your accuracy and damage with ranged weapons and melee attacks
   (+3).
   It affects your resistance to hostile enchantments.
   It lets you see invisible.
 W - a +2 pair of boots (worn)
Jewellery
 a - a cursed -3 ring of slaying {unknown}
 p - a +3 ring of protection (left hand)
 t - the amulet "Tethohob" (around neck) {RegenMP Slay+5}
   (You found it on level 14 of the Dungeon)

   [amulet of magic regeneration]

   It increases your magic regeneration.
   It affects your accuracy and damage with ranged weapons and melee attacks
   (+5).
 D - the ring of Piheny Reul (right hand) {rC+ Str+5 SInv}
   (You took it off a yaktaur on level 4 of the Depths)

   [ring of see invisible]

   It affects your strength (+5).
   It protects you from cold.
   It lets you see invisible.
 R - a +2 ring of dexterity {unknown}
Wands
 d - a wand of acid (41)
 k - a wand of flame (143)
 o - a wand of digging (11)
 G - a wand of enslavement (16)
 I - a wand of disintegration (22)
 L - a wand of paralysis (14)
 O - a wand of polymorph (16)
 S - a wand of iceblast (43)
 T - a wand of scattershot (6)
Scrolls
 b - 9 scrolls of identify
 e - 21 scrolls of remove curse
 f - 2 scrolls of holy word
 i - 12 scrolls of teleportation
 l - 3 scrolls of magic mapping
 m - a scroll of torment
 J - 7 scrolls of fog
 K - 2 scrolls of silence
 Z - a scroll of fear
Potions
 g - 7 potions of flight
 j - 7 potions of haste
 n - a potion of invisibility
 r - 11 potions of agility
 s - 7 potions of magic
 x - 7 potions of brilliance
 A - 2 potions of might
 C - 3 potions of ambrosia
 F - 9 potions of curing
 Q - a potion of cancellation
Books
 B - the Incunabulum of Destructive Air
   (You found it on level 2 of the Depths)

   Spells                             Type                      Level
   a - Sting                          Conjuration/Poison           1
   b - Summon Lightning Spire         Summoning/Air                4
   c - Fireball                       Conjuration/Fire             5
   d - Lightning Bolt                 Conjuration/Air              5
   e - Silence                        Hexes/Air                    5
   Trog disapproves of the use of such an item.
 X - a book of the Sky

   Spells                             Type                      Level
   a - Summon Lightning Spire         Summoning/Air                4
   b - Silence                        Hexes/Air                    5
   c - Deflect Missiles               Charms/Air                   6
   d - Conjure Ball Lightning         Conjuration/Air              6
   e - Tornado                        Air                          9
   Trog disapproves of the use of such an item.
 Y - a book of Death

   Spells                             Type                      Level
   a - Corpse Rot                     Necromancy                   2
   b - Sublimation of Blood           Necromancy                   2
   c - Agony                          Necromancy                   5
   d - Dispel Undead                  Necromancy                   5
   e - Excruciating Wounds            Charms/Necromancy            5
   f - Bolt of Draining               Conjuration/Necromancy       5
   Trog disapproves of the use of such an item.
Miscellaneous
 q - a lamp of fire
 u - a lightning rod (4/4)
 y - a fan of gales
 H - a crystal ball of energy
 N - a phial of floods
Comestibles
 c - 7 rations


   Skills:
 + Level 25.1 Fighting
 - Level 26.0 Axes
 + Level 23.2 Armour
 + Level 20.0 Dodging


You had 22 spell levels left.
You didn't know any spells.

Dungeon Overview and Level Annotations

Branches:
Dungeon (15/15)            Temple (1/1) D:4            Lair (4/6) D:9
  Swamp (4/4) Lair:4       Spider (4/4) Lair:2          Orc (2/2) D:9
    Elf (0/3) Orc:2        Vaults (5/5) D:13          Crypt (0/3) Vaults:3
 Depths (5/5) D:15            Zot (1/5) Depths:5

Altars:
Ashenzari
Cheibriados
Dithmenos
Elyvilon
Fedhas
Gozag
Hepliaklqana
Kikubaaqudgha
Makhleb
Nemelex Xobeh
Okawaru
Qazlal
Ru
Sif Muna
Trog
Uskayaw
Vehumet
Wu Jian
Xom
Yredelemnul
Zin
The Shining One
Beogh
Jiyva

Shops:
D:7 (*[[   D:9 [   D:15 [   Orc:2 [**=   Vaults:3 (   Vaults:4 }

Portals:
Hell: Depths:1 Depths:2 Depths:3 Depths:4 Depths:5
Abyss: Depths:4
Pandemonium: Depths:3
Ziggurat: Depths:3
Trove: Vaults:1 (give 6 scrolls of blinking)

Annotations:
D:9 2 runed doors, exclusion: orange crystal statue


Innate Abilities, Weirdness & Mutations

You reflexively headbutt those who attack you in melee.
You have a pair of horns on your head.
Armour fits poorly on your strangely shaped body.


Message History

Your golden dragon claws the golden dragon but does no damage.
Your golden dragon tramples the golden dragon but does no damage.
Your moth of wrath bites the tentacled monstrosity!
Your golden dragon bites the golden dragon but does no damage.
Your golden dragon claws the golden dragon.
Your golden dragon tramples the golden dragon!
The golden dragon holds its ground!
Your moth of wrath is engulfed in blazing flames.
Your moth of wrath bites the tentacled monstrosity!!
Your moth of wrath bites the tentacled monstrosity!
The tentacled monstrosity tentacle-slaps your moth of wrath.
The tentacled monstrosity tentacle-slaps your moth of wrath!
The tentacled monstrosity tentacle-slaps your moth of wrath.
The tentacled monstrosity grabs your moth of wrath.
The tentacled monstrosity constricts your moth of wrath!
Your moth of wrath bites the tentacled monstrosity.
Your moth of wrath is engulfed in blazing flames.
Your moth of wrath bites the tentacled monstrosity but does no damage.
The golden dragon bites you!
You die...

#.. #..
#.# #.#
#.# #.#
#.# #@#
#D#
####D#
#..yX#
#..yy#
#.)dd#
#.)).#
#...)#
#.....#


You could see a tentacled monstrosity, a golden dragon, a purple draconian, a
red draconian, a friendly golden dragon (berserk) and 3 friendly moths of wrath.

Vanquished Creatures
  Mara (Depths:4)
  4 juggernauts (Depths:4)
  Sojobo (Depths:4)
  the Lernaean hydra (Swamp:4)
  Margery (Vaults:2)
  A caustic shrike (Depths:4)
  Jory (Vaults:4)
  4 golden dragons
  A bone dragon (Depths:5)
  8 liches
  Jorgrun (Depths:4)
  6 tentacled monstrosities
  3 quicksilver dragons
  4 acid blobs (Depths:5)
  5 titans (Vaults:5)
  3 death cobs (Zot:1)
  7 shadow dragons
  9 sphinxes
  A thorn hunter (Swamp:4)
  7 tengu reavers
  5 storm dragons
  13 frost giants
  2 azure jellies (Depths:5)
  2 draconian knights (Depths:5)
  2 deep elf sorcerers
  5 ghost moths
  An iron dragon (Depths:2)
  13 fire giants
  A frost giant (shapeshifter) (Depths:4)
  Aizul (Vaults:4)
  13 vault wardens
  A cacodemon (Depths:3)
  9 emperor scorpions
  A war gargoyle (Vaults:5)
  A draconian annihilator (Zot:1)
  A deep elf elementalist (Vaults:5)
  6 very ugly things
  3 entropy weavers
  2 spriggan defenders (Depths:4)
  11 ironheart preservers
  20 stone giants
  2 vampire knights
  2 green draconians
  3 black draconians (Depths:5)
  2 deep elf demonologists
  2 purple draconians
  10 spark wasps
  Azrael (D:15)
  3 white draconians (Zot:1)
  2 yellow draconians (Depths:5)
  A red draconian (Depths:5)
  11 ettins
  2 deep elf annihilators (Vaults:1)
  2 deep elf death magi
  A merfolk javelineer (Depths:5)
  6 death oozes (Depths:5)
  14 yaktaur captains
  11 great orbs of eyes
  A jiangshi (Vaults:3)
  4 deep elf high priests
  6 ogre magi
  8 fire dragons
  The ghost of Curus the Severer, a journeyman HOBe of Trog (Lair:2)
  Erolcha (D:13)
  4 rakshasas
  The ghost of Lucio the Geomancer, a journeyman GrEE (D:12)
  29 vault guards
  9 ice dragons
  A catoblepas (D:13)
  A hell beast (Depths:3)
  17 hydras
  4 spriggan air magi
  24 two-headed ogres
  2 ghost crabs
  2 dancing weapons (D:13)
  A death knight (Vaults:3)
  A vampire mage (Depths:2)
  14 alligators
  8 centaur warriors
  6 deep troll shamans
  5 deep troll earth magi
  Urug (D:13)
  4 tengu warriors
  7 spriggan berserkers
  A sun demon (Depths:3)
  3 deep elf knights
  3 iron trolls
  A titan skeleton (Vaults:4)
  2 shadow wraiths
  3 skeletal warriors (D:14)
  2 shambling mangroves
  5 hell knights
  17 deep trolls
  A spriggan druid (Swamp:4)
  4 glowing orange brains
  3 flayed ghosts
  4 unseen horrors
  10 ironbrand convokers
  2 unseen horrors (shapeshifter)
  5 deep elf archers
  4 wizards
  Pikel (D:5)
  A sphinx zombie (Vaults:5)
  4 phantasmal warriors (Vaults:5)
  9 swamp dragons
  4 harpies (Vaults:1)
  6 orb spiders
  6 necromancers
  2 fauns (shapeshifter)
  An orc sorcerer (Orc:1)
  A frost giant zombie (Depths:2)
  9 orc knights
  A harpy (shapeshifter) (Vaults:2)
  5 deep elf magi
  2 tengu skeletons
  2 moths of wrath
  53 ugly things
  5 cyclopes
  2 manticores
  A shining eye (shapeshifter) (Depths:3)
  37 wolf spiders
  A human skeleton (Vaults:4)
  9 vault sentinels
  2 rust devils (Depths:3)
  A torpor snail (Spider:2)
  2 black mambas (shapeshifter)
  Maurice (D:8)
  A torpor snail (shapeshifter) (Depths:5)
  3 water nymphs (shapeshifter)
  A smoke demon (Depths:3)
  A spiny frog (shapeshifter) (D:15)
  13 spiny frogs
  2 gargoyles
  5 kobold demonologists
  7 demonic crawlers
  6 freezing wraiths
  A yaktaur (shapeshifter) (Vaults:4)
  7 komodo dragons
  38 yaktaurs
  A hellwing (Depths:3)
  4 tengu conjurers
  A golden dragon simulacrum (Depths:3)
  8 trolls
  The ghost of Mirai the Thaumaturge, a novice DECj (D:4)
  A wind drake (shapeshifter) (Vaults:5)
  A yaktaur skeleton (Vaults:5)
  34 jumping spiders
  A meliai (shapeshifter) (Depths:4)
  4 tyrant leeches
  2 bog bodies
  A slime creature (shapeshifter) (Depths:3)
  25 hornets
  7 blink frogs
  2 raiju (shapeshifter)
  A meliai zombie (D:14)
  A frost giant simulacrum (Vaults:3)
  23 slime creatures
  A human simulacrum (Vaults:4)
  7 hippogriffs
  Sigmund (D:5)
  2 dream sheep (shapeshifter)
  80 redbacks
  10 spriggans
  2 shadows
  31 tarantellas
  A vampire (D:14)
  10 water elementals
  4 wraiths
  3 fire elementals (D:15)
  A tarantella (shapeshifter) (Vaults:3)
  3 wyverns
  A hog (shapeshifter) (Depths:4)
  3 basilisks
  17 yaks
  15 vampire mosquitoes
  A hungry ghost (D:14)
  8 insubstantial wisps
  13 swamp worms
  2 yaktaur simulacra (Vaults:5)
  Menkaure (D:5)
  8 wargs
  2 soldier ants (D:9)
  2 acid dragons
  17 porcupines
  2 hell hounds (D:15)
  4 ice beasts
  Purgy (Sewer)
  6 water moccasins
  A water moccasin (shapeshifter) (Vaults:2)
  9 swamp drakes
  33 orc warriors
  2 slaves (D:5)
  4 sky beasts
  A black bear (D:11)
  An eye of draining (shapeshifter) (Vaults:2)
  A hornet zombie (D:11)
  2 black bears (shapeshifter)
  A sky beast (shapeshifter) (Depths:1)
  An ettin simulacrum (Depths:2)
  2 elf zombies
  A human zombie (Vaults:5)
  4 phantoms
  18 wolves
  23 ogres
  16 centaurs
  3 crocodiles
  7 big kobolds
  11 bullfrogs
  Blork the orc (D:5)
  A wyvern zombie (D:11)
  2 glowing shapeshifter simulacra
  5 scorpions
  A water moccasin skeleton (D:11)
  11 killer bees
  6 electric eels
  A howler monkey (D:5)
  2 centaur zombies
  6 crimson imps
  A bullfrog zombie (D:11)
  5 hounds
  2 quasits
  19 orc priests
  18 orc wizards
  5 jellies
  3 iguanas
  An iron imp (Depths:2)
  Crazy Yiuf (D:3)
  3 bullfrog skeletons
  7 centaur skeletons
  12 worker ants
  Robin (D:3)
  3 worker ant zombies
  6 adders
  3 shadow imps
  4 oozes
  2 adder zombies
  5 worms
  5 dart slugs
  3 leopard geckos
  92 orcs
  3 ball pythons
  9 giant cockroaches
  15 goblins
  12 hobgoblins
  7 jackals
  36 kobolds
  8 quokkas
  9 bats
  15 frilled lizards
  9 rats
  8 fungi
  32 plants
1660 creatures vanquished.

Vanquished Creatures (collateral kills)
  Saint Roka (Orc:1)
  2 titans
  A tengu reaver (Vaults:3)
  A deep elf sorcerer (Vaults:5)
  A draconian annihilator (Zot:1)
  2 stone giants
  An entropy weaver (Vaults:1)
  An ettin (Vaults:5)
  A crystal guardian (Vaults:3)
  2 yaktaur captains
  A vault guard (Vaults:1)
  A hydra (Lair:4)
  Harold (Orc:1)
  6 two-headed ogres (Orc:2)
  A deep troll shaman (Vaults:2)
  An ogre mage (Vaults:3)
  The ghost of Tramtrist the Unseen, a journeyman FeBe of Trog (D:13)
  A skeletal warrior (D:14)
  3 deep trolls (Vaults:2)
  2 swamp dragons (Swamp:4)
  A spriggan druid (Swamp:4)
  A deep elf archer (Vaults:1)
  2 ironbrand convokers
  10 orb spiders
  An orc sorcerer (Vaults:3)
  A tengu zombie (Vaults:4)
  The ghost of p0werm0de the Sneak, a novice GnEn of Cheibriados (D:7)
  A wolf spider (Spider:1)
  4 deep elf magi
  2 ugly things (D:14)
  3 cyclopes
  3 vault sentinels
  A freezing wraith (Vaults:3)
  A yaktaur (Vaults:1)
  4 trolls (Orc:2)
  2 jumping spiders
  A tarantella (Spider:2)
  A hungry ghost (D:14)
  A water moccasin (Lair:4)
  2 orc warriors
  11 ogres
  2 orc priests
  An orc wizard (Orc:2)
  4 orcs
92 creatures vanquished.

Vanquished Creatures (others)
  A draconian shifter (Zot:1)
  A shadow wraith (Vaults:1)
  A phantasmal warrior (Vaults:5)
  A wolf spider (Spider:1)
  A moth of wrath (Zot:1)
  An ogre (Orc:2)
  An orc wizard (Orc:1)
  2 orcs
  3 fungi (Depths:4)
  2 plants
14 creatures vanquished.

Grand Total: 1766 creatures vanquished

Notes
Turn   | Place    | Note
-------+----------+-------------------------------------------
     0 | D:1      | ventsongeyt the Minotaur Berserker began the quest for the Orb.
     0 | D:1      | Reached XP level 1. HP: 19/19 MP: 0/0
   172 | D:1      | Reached XP level 2. HP: 26/27 MP: 1/1
   426 | D:1      | Reached skill level 4 in Axes
   647 | D:1      | Reached ** piety under Trog
   647 | D:1      | Reached XP level 3. HP: 33/33 MP: 2/2
  1121 | D:2      | Reached XP level 4. HP: 41/41 MP: 3/3
  2174 | D:3      | Found an ancient bone altar of Kikubaaqudgha.
  2192 | D:3      | Noticed Robin
  2206 | D:3      | Killed Robin
  2787 | D:3      | Reached *** piety under Trog
  2792 | D:3      | Reached XP level 5. HP: 47/47 MP: 4/4
  3237 | D:3      | Reached skill level 5 in Fighting
  3237 | D:3      | Reached skill level 5 in Axes
  3584 | D:3      | Found a deep blue altar of Sif Muna.
  3642 | D:3      | Found a runed door.
  3647 | D:3      | Noticed Crazy Yiuf
  3651 | D:3      | Killed Crazy Yiuf
  3841 | D:4      | Reached XP level 6. HP: 43/56 MP: 5/5
  3859 | D:4      | Found a glowing drain.
  3886 | Sewer    | Entered a sewer
  3935 | Sewer    | Noticed Purgy
  3943 | Sewer    | Killed Purgy
  3943 | Sewer    | Reached skill level 6 in Axes
  4085 | D:4      | Received a gift from Trog
  4435 | D:4      | Reached XP level 7. HP: 45/64 MP: 6/6
  4740 | D:4      | Found a white marble altar of Elyvilon.
  4854 | D:4      | Found a staircase to the Ecumenical Temple.
  5019 | D:4      | Noticed Mirai's ghost (novice DECj)
  5026 | D:4      | Killed Mirai's ghost
  5026 | D:4      | Reached skill level 7 in Axes
  5055 | D:4      | Got a faintly glowing ring mail
  5070 | D:4      | Identified the +7 ring mail of Youthful Indiscretion {rN+ Regen+ Int-3 Slay+5} (You found it on level 4 of the Dungeon)
  5150 | D:5      | Entered Level 5 of the Dungeon
  5158 | D:5      | Noticed Menkaure
  5165 | D:5      | Killed Menkaure
  5166 | D:5      | Noticed Sigmund
  5172 | D:5      | Killed Sigmund
  5172 | D:5      | Reached skill level 8 in Axes
  5172 | D:5      | Reached XP level 8. HP: 74/75 MP: 7/7
  5474 | Temple   | Entered the Ecumenical Temple
  5865 | D:5      | Noticed Blork the orc
  5878 | D:5      | Killed Blork the orc
  5928 | D:5      | Noticed Pikel
  5938 | D:5      | Paralysed by Pikel for 7 turns
  5949 | D:5      | Killed Pikel
  5949 | D:5      | Reached skill level 9 in Axes
  6069 | D:5      | Found a sacrificial altar of Ru.
  6474 | D:6      | Found a hide-covered altar of Uskayaw.
  6477 | D:6      | Reached skill level 10 in Fighting
  6477 | D:6      | Reached skill level 10 in Axes
  6829 | D:6      | Reached XP level 9. HP: 85/85 MP: 8/8
  6870 | D:6      | Reached **** piety under Trog
  7888 | D:7      | Found Diamm's Antique Armour Shoppe.
  7891 | D:7      | Bought a helmet for 121 gold pieces
  7891 | D:7      | Bought a pair of gloves for 121 gold pieces
  7904 | D:7      | Found Kaammir's Antique Armour Boutique.
  7976 | D:7      | Found Heiqum's Assorted Antiques.
  8004 | D:7      | Bought a scratched sapphire ring for 145 gold pieces
  8156 | D:7      | Noticed p0werm0de's ghost (novice GnEn)
  8193 | D:7      | Killed p0werm0de's ghost
  8193 | D:7      | Received a gift from Trog
  8193 | D:7      | Reached skill level 11 in Axes
  8273 | D:7      | Found Zeuff's Weapon Emporium.
  8931 | D:8      | Noticed Maurice
  8943 | D:8      | Killed Maurice
  9028 | D:8      | Noticed a two-headed ogre
  9038 | D:8      | Killed a two-headed ogre
  9038 | D:8      | Reached skill level 12 in Axes
  9038 | D:8      | Reached XP level 10. HP: 97/97 MP: 9/9
  9288 | D:8      | Noticed a two-headed ogre
  9296 | D:8      | Killed a two-headed ogre
  9795 | D:8      | Reached ***** piety under Trog
  9795 | D:8      | Reached skill level 13 in Axes
  9979 | D:8      | Found an ancient bone altar of Kikubaaqudgha.
 10155 | D:8      | Found a sacrificial altar of Ru.
 10536 | D:9      | Found a glowing golden altar of the Shining One.
 10583 | D:9      | Found a staircase to the Orcish Mines.
 10698 | D:9      | Found Bepuas's Antique Armour Shoppe.
 10882 | D:9      | Noticed a two-headed ogre
 10888 | D:9      | Killed a two-headed ogre
 10888 | D:9      | Received a gift from Trog
 10888 | D:9      | Reached skill level 5 in Armour
 10921 | D:9      | Found a staircase to the Lair.
 11028 | D:9      | Found a blossoming altar of Fedhas.
 11112 | D:9      | Reached XP level 11. HP: 107/107 MP: 3/10
 11429 | D:9      | Found the +10 large shield of Ignorance {rN+ Int-4}
 11434 | D:9      | Found a runed door.
 11434 | D:9      | Noticed an orange crystal statue
 11446 | D:9      | Found a runed door.
 11731 | D:10     | Entered Level 10 of the Dungeon
 11848 | D:10     | Reached skill level 5 in Dodging
 12510 | D:10     | Reached skill level 14 in Axes
 12583 | D:11     | Found a flagged portal.
 12583 | D:11     | Noticed a two-headed ogre
 12821 | D:11     | Killed a two-headed ogre
 13003 | D:11     | Noticed a two-headed ogre
 13016 | D:11     | Killed a two-headed ogre
 13121 | D:11     | Noticed a brown ugly thing
 13124 | D:11     | Killed a brown ugly thing
 13252 | D:11     | Killed an unseen horror
 13483 | Lair:1   | Entered Level 1 of the Lair of Beasts
 13663 | Lair:1   | Reached skill level 15 in Axes
 14805 | Lair:2   | Noticed Curus's ghost (journeyman HOBe)
 14820 | Lair:2   | Killed Curus's ghost
 14820 | Lair:2   | Reached XP level 12. HP: 117/117 MP: 3/11
 15042 | Lair:2   | Found a hole to the Spider Nest.
 15616 | Lair:2   | Received a gift from Trog
 16134 | Lair:3   | Reached skill level 16 in Axes
 17103 | Lair:4   | Noticed a seven-headed hydra
 17112 | Lair:4   | Killed a seven-headed hydra
 17397 | Lair:4   | Found a staircase to the Swamp.
 18648 | Orc:1    | Entered Level 1 of the Orcish Mines
 18677 | Orc:1    | Noticed Harold
 18689 | Orc:1    | Killed Harold
 18978 | Orc:2    | Entered Level 2 of the Orcish Mines
 18978 | Orc:2    | Noticed Saint Roka
 18982 | Orc:2    | Reached XP level 13. HP: 125/125 MP: 4/12
 19428 | Orc:1    | Killed Saint Roka
 19428 | Orc:1    | Reached skill level 15 in Fighting
 19428 | Orc:1    | Reached skill level 17 in Axes
 19455 | Orc:2    | Received a gift from Trog
 19549 | Orc:2    | Reached skill level 10 in Armour
 19809 | Orc:2    | Found Umuqik's Assorted Antiques.
 19811 | Orc:2    | Found Meinimnaz's Jewellery Emporium.
 19818 | Orc:2    | Found Odiapt's Antique Armour Shop.
 19819 | Orc:2    | Found Meotarosi's General Store.
 19835 | Orc:2    | Bought a bubbling white potion for 17 gold pieces
 19835 | Orc:2    | Bought a scroll of identify for 38 gold pieces
 19835 | Orc:2    | Bought a scroll of identify for 38 gold pieces
 19835 | Orc:2    | Bought a scroll of identify for 38 gold pieces
 19849 | Orc:2    | Bought a scroll of identify for 28 gold pieces
 19849 | Orc:2    | Bought a scroll of teleportation for 42 gold pieces
 20164 | D:9      | Bought a heavily runed plate armour for 812 gold pieces
 20177 | D:9      | Identified the +3 plate armour of Abstinence {+Inv rPois MR+} (You bought it in a shop on level 9 of the Dungeon)
 20436 | Orc:2    | Found a staircase to the Elven Halls.
 20636 | Orc:1    | Found Palof's Food Emporium.
 20707 | Orc:1    | Found a roughly hewn altar of Beogh.
 21326 | D:12     | Reached skill level 10 in Dodging
 21414 | D:12     | Reached skill level 18 in Axes
 21590 | D:12     | Noticed Lucio's ghost (journeyman GrEE)
 21598 | D:12     | Killed Lucio's ghost
 22013 | D:12     | Received a gift from Trog
 22014 | D:12     | Reached XP level 14. HP: 136/136 MP: 4/13
 22722 | D:13     | Found a gate to the Vaults.
 22728 | D:13     | Noticed Tramtrist's ghost (journeyman FeBe)
 22729 | D:13     | Noticed Urug
 22741 | D:13     | Killed Tramtrist's ghost
 22951 | D:13     | Killed Urug
 23448 | D:13     | Noticed Erolcha
 23471 | D:13     | Killed Erolcha
 23915 | D:14     | Reached skill level 19 in Axes
 23945 | D:14     | Got a smoking ruby amulet
 23951 | D:14     | Identified the amulet "Tethohob" {RegenMP Slay+5} (You found it on level 14 of the Dungeon)
 24329 | D:14     | Identified the Catalogue of Stones and the Arsonist
 25235 | D:15     | Entered Level 15 of the Dungeon
 25319 | D:15     | Received a gift from Trog
 25606 | D:15     | Found Soucerir's Specialty Armours.
 25654 | D:15     | Noticed Azrael
 25752 | D:15     | Reached XP level 15. HP: 114/145 MP: 4/14
 25886 | D:15     | Killed Azrael
 25896 | D:15     | Received a gift from Trog
 25903 | D:15     | Got an encrusted executioner's axe {god gift}
 25907 | D:15     | Identified the +2 executioner's axe of the Hills {elec, +Rage +Fly} (Trog gifted it to you on level 15 of the Dungeon)
 26341 | D:15     | Found a shattered altar of Ashenzari.
 26630 | D:15     | Found a staircase to the Depths.
 26948 | Spider:1 | Entered Level 1 of the Spider Nest
 26990 | Spider:1 | Reached skill level 20 in Axes
 28099 | Spider:1 | Killed a ghost moth
 29920 | Spider:2 | Killed a ghost moth
 30469 | Spider:2 | Found the +0 mask of the Dragon {MR+ Slay+3 SInv}
 30673 | Spider:3 | Reached XP level 16. HP: 155/157 MP: 15/15
 30690 | Spider:3 | Got a pair of jewelled boots
 30702 | Spider:3 | Identified the +0 pair of boots "Righag" {Int-5 Dex+6} (You found it on level 3 of the Spider Nest)
 31923 | Spider:4 | Entered Level 4 of the Spider Nest
 32960 | Spider:4 | Received a gift from Trog
 32970 | Spider:4 | Reached skill level 15 in Armour
 34477 | Spider:4 | Got a gossamer rune of Zot
 34674 | Swamp:1  | Entered Level 1 of the Swamp
 34958 | Swamp:1  | Reached XP level 17. HP: 168/168 MP: 16/16
 35090 | Swamp:1  | Received a gift from Trog
 37591 | Swamp:4  | Entered Level 4 of the Swamp
 37845 | Swamp:4  | Reached skill level 15 in Dodging
 37857 | Swamp:4  | Noticed the 27-headed Lernaean hydra
 39120 | Swamp:4  | Reached skill level 21 in Axes
 39408 | Swamp:4  | Killed the 26-headed Lernaean hydra
 39671 | Swamp:4  | Got a decaying rune of Zot
 39975 | D:7      | Bought a polished plate armour for 756 gold pieces
 39985 | D:7      | Identified the +2 plate armour "Kool" {rF++ rN+ Str-4 Dex+3} (You bought it in a shop on level 7 of the Dungeon)
 40314 | Vaults:1 | Entered Level 1 of the Vaults
 40773 | Vaults:1 | Found a portal to a secret trove of treasure.
 41047 | Vaults:1 | Noticed a lich
 41059 | Vaults:1 | Killed a lich
 41357 | Vaults:1 | Reached XP level 18. HP: 178/178 MP: 17/17
 41710 | Vaults:1 | Received a gift from Trog
 44044 | Vaults:2 | Received a gift from Trog
 44048 | Vaults:2 | Noticed Margery
 44063 | Vaults:2 | Killed Margery
 44859 | Vaults:3 | Received a gift from Trog
 45391 | Vaults:3 | Found Ushuem's Weapon Shop.
 45899 | Vaults:3 | Reached skill level 22 in Axes
 45993 | Vaults:3 | Reached XP level 19. HP: 158/187 MP: 18/18
 46021 | Vaults:3 | Received a gift from Trog
 46026 | Vaults:3 | Got a blackened battleaxe {god gift}
 46062 | Vaults:3 | Got a vibrating lapis lazuli ring
 46834 | Vaults:3 | Found a staircase to the Crypt.
 48191 | Vaults:4 | Received a gift from Trog
 48398 | Vaults:4 | Found Ywuak's Gadget Shop.
 48737 | Vaults:4 | Noticed Aizul
 48746 | Vaults:4 | Killed Aizul
 49017 | Vaults:4 | Noticed Jory
 49027 | Vaults:4 | Killed Jory
 49553 | Vaults:4 | Received a gift from Trog
 50331 | Orc:1    | Bought a ration for 50 gold pieces
 50331 | Orc:1    | Bought a ration for 50 gold pieces
 50331 | Orc:1    | Bought a ration for 50 gold pieces
 50331 | Orc:1    | Bought a ration for 50 gold pieces
 50331 | Orc:1    | Bought a ration for 50 gold pieces
 50331 | Orc:1    | Bought a ration for 50 gold pieces
 50331 | Orc:1    | Bought a ration for 50 gold pieces
 50529 | Depths:1 | Entered Level 1 of the Depths
 50800 | Depths:1 | Found a gateway to Hell.
 50867 | Depths:1 | Found a radiant altar of Vehumet.
 51568 | Depths:2 | Reached XP level 20. HP: 173/198 MP: 19/19
 52971 | Depths:2 | Reached ****** piety under Trog
 53413 | Depths:2 | Reached skill level 23 in Axes
 54381 | Depths:2 | Received a gift from Trog
 54686 | Depths:2 | Identified the Incunabulum of Destructive Air
 54687 | Depths:2 | Found the +10 Black Knight's horse barding {ponderous, rPois rN+}
 55032 | Depths:3 | Found a gateway to a ziggurat.
 55135 | Depths:3 | Identified the +4 battleaxe of Integrity {protect, Str+3 SInv} (Trog gifted it to you on level 3 of the Vaults)
 55139 | Depths:3 | Identified the ring of Lapab {rC+ rN+} (You found it on level 3 of the Vaults)
 55577 | Depths:3 | Found a one-way gate leading to the halls of Pandemonium.
 56468 | Depths:4 | Received a gift from Trog
 56492 | Depths:4 | Noticed Mara
 56506 | Depths:4 | Noticed ventsongeyt's illusion
 56509 | Depths:4 | Killed Mara
 56769 | Depths:4 | Found a one-way gate to the infinite horrors of the Abyss.
 56792 | Depths:4 | Noticed Jorgrun
 56806 | Depths:4 | Killed Jorgrun
 56877 | Depths:4 | Reached XP level 21. HP: 209/209 MP: 20/20
 56988 | Depths:4 | Found a sacrificial altar of Ru.
 56989 | Depths:4 | Found a white marble altar of Elyvilon.
 56989 | Depths:4 | Found a hazy altar of Hepliaklqana.
 57336 | Depths:4 | Noticed Sojobo
 57354 | Depths:4 | Killed Sojobo
 57363 | Depths:4 | Noticed a juggernaut
 57968 | Depths:4 | Killed a juggernaut
 57981 | Depths:4 | Noticed a caustic shrike
 57987 | Depths:4 | Killed a caustic shrike
 58160 | Depths:4 | Gained mutation: Armour fits poorly on your strangely shaped body. [a cacodemon]
 58779 | Depths:4 | Noticed a juggernaut
 58797 | Depths:4 | Killed a juggernaut
 58797 | Depths:4 | Reached skill level 24 in Axes
 59409 | Depths:4 | Received a gift from Trog
 59431 | Depths:4 | Noticed a juggernaut
 59443 | Depths:4 | Killed a juggernaut
 59893 | Depths:4 | Noticed a golden dragon
 59909 | Depths:4 | Killed a golden dragon
 60121 | Depths:4 | Found the +6 shillelagh "Devastator" {shatter}
 60121 | Depths:4 | Got a shimmering ivory ring
 60190 | Depths:4 | Noticed a juggernaut
 60198 | Depths:4 | Killed a juggernaut
 60198 | Depths:4 | Reached XP level 22. HP: 220/220 MP: 21/21
 60371 | Depths:5 | Entered Level 5 of the Depths
 61034 | Depths:4 | Identified the ring of Piheny Reul {rC+ Str+5 SInv} (You took it off a yaktaur on level 4 of the Depths)
 61772 | Orc:2    | Bought a glowing plate armour for 858 gold pieces
 62520 | Depths:5 | Found a viscous altar of Jiyva.
 63254 | Depths:5 | Found a gate to the Realm of Zot.
 63292 | Depths:5 | Reached skill level 25 in Axes
 64270 | Vaults:5 | Entered Level 5 of the Vaults
 64348 | Vaults:5 | Received a gift from Trog
 64437 | Vaults:5 | Noticed a golden dragon
 64453 | Vaults:5 | Killed a golden dragon
 64500 | Vaults:5 | Reached XP level 23. HP: 162/229 MP: 22/22
 64826 | Vaults:5 | Received a gift from Trog
 64834 | Vaults:5 | Reached skill level 26 in Axes
 65487 | Vaults:5 | Got a silver rune of Zot
 65565 | Vaults:5 | Received a gift from Trog
 65567 | Vaults:5 | Got a smoking diamond amulet
 66201 | Vaults:5 | Identified the amulet "Ynuxucs" {RegenMP rPois rC- Stlth+} (You took it off a vault guard on level 5 of the Vaults)
 66440 | Vaults:5 | Found the +2 cloak of the Thief {+Fog Slay-2 SInv Stlth+}
 67424 | Zot:1    | Entered Level 1 of the Realm of Zot
 67463 | Zot:1    | HP: 7/234 [tentacled monstrosity (6)]
 67465 | Zot:1    | HP: 3/234 [golden dragon/bolt of fire (8)]
 67466 | Zot:1    | Slain by a golden dragon

Skill      XL: |  1  2  3  4  5  6  7  8  9 10 11 12 13 14 15 16 17 18 19 20 21 22 23 |
---------------+----------------------------------------------------------------------+-----
Axes           | 4 5 6 8 10 12 13 15 16 18 19 20 21 22 23 24 25 26 | 26.0
Fighting       | 4 5 6 8 10 12 13 14 15 16 17 19 20 21 22 23 24 25 | 25.1
Armour         | 3 5 7 9 11 12 14 15 16 18 19 20 21 22 23 | 23.2
Dodging        | 3 4 7 8 10 11 13 14 15 16 17 18 19 20 | 20.0

Action                   |  1- 3 |  4- 6 |  7- 9 | 10-12 | 13-15 | 16-18 | 19-21 | 22-24 || total
-------------------------+-------+-------+-------+-------+-------+-------+-------+-------++-------
Melee: Hand axe          |    61 |    47 |       |       |       |       |       |       ||   108
       Headbutt          |    10 |    21 |    43 |   121 |   154 |   176 |   200 |   175 ||   900
       War axe           |       |    99 |   197 |   115 |       |       |       |       ||   411
       Battleaxe         |       |       |       |   462 |   515 |       |       |    23 ||  1000
       Executioner's axe |       |       |       |       |   254 |   751 |   754 |   476 ||  2235
 Fire: Hunting sling     |       |    13 |       |       |       |       |       |       ||    13
Invok: Berserk           |     3 |     6 |    15 |    28 |    35 |    39 |    33 |    10 ||   169
       Trog's Hand       |       |     1 |       |     1 |     6 |     2 |     2 |    11 ||    23
       Brothers in Arms  |       |       |     1 |     2 |    14 |    15 |    10 |     5 ||    47
       Burn Spellbooks   |       |       |       |     2 |     1 |     3 |     3 |     4 ||    13
 Abil: Evoke Flight      |       |       |     1 |       |       |       |       |       ||     1
Evoke: Wand              |       |       |       |     3 |     1 |     2 |       |       ||     6
       Lamp of fire      |       |       |       |       |     1 |     2 |       |       ||     3
       Fan of gales      |       |       |       |       |       |     1 |       |       ||     1
       Phantom mirror    |       |       |       |       |       |       |       |     1 ||     1
  Use: Scroll            |       |       |    14 |     7 |    17 |    20 |    14 |    14 ||    86
       Potion            |       |       |       |       |    10 |    11 |     2 |     5 ||    28
 Stab: Sleeping          |       |     3 |     2 |       |       |       |       |       ||     5
       Paralysed         |       |       |     1 |       |       |       |       |       ||     1
       Invisible         |       |       |       |       |     3 |       |       |       ||     3
       Fleeing           |       |       |       |       |       |     2 |       |       ||     2
       Distracted        |       |       |       |       |       |     1 |     2 |       ||     3
  Eat: Chunk             |     2 |    14 |    21 |    37 |    33 |    16 |    22 |    14 ||   159
       Ration            |       |     1 |     2 |     7 |    13 |    22 |    17 |     7 ||    69
Armor: Animal skin       |     6 |     7 |       |       |       |       |       |       ||    13
       Leather armour    |       |    21 |       |       |       |       |       |       ||    21
       Ring mail         |       |       |    30 |       |       |       |       |       ||    30
       Chain mail        |       |       |     1 |       |       |       |       |       ||     1
       Plate armour      |       |       |    69 |   337 |   551 |   720 |   427 |   280 ||  2384
Dodge: Dodged            |    57 |    85 |    83 |   236 |   424 |   631 |   451 |   337 ||  2304
